 Dungeon Crawl Stone Soup version 0.31-a0-219-g8d62b2e7bb (webtiles) character file.

Game seed: 10612231269820754968

364 qw the Chopper (level 6, -10/38 HPs)
             Began as a Gargoyle Fighter on July 3, 2023.
             Was a Follower of Okawaru.
             Mangled by an ogre
             ... wielding a +0 giant spiked club
              (24 damage)
             ... on level 5 of the Dungeon.
             The game lasted 00:01:48 (3327 turns).

qw the Chopper (Gargoyle Fighter)                   Turns: 3327, Time: 00:01:49

Health: -10/38     AC: 19    Str: 27    XL:     6   Next: 67%
Magic:  4/6        EV: 10    Int:  9    God:    Okawaru [*.....]
Gold:   245        SH:  5    Dex:  9    Spells: 5/5 levels left

rFire   . . .        Y - +0 war axe (heavy)
rCold   . . .        c - +0 buckler
rNeg    + . .        f - +0 chain mail
rPois   inf          e - +0 helmet
rElec   +            h - +0 cloak
rCorr   .            (no gloves)
SInv    .            m - +0 pair of boots
Will    .....        (no amulet) Stlth
                     i - +6 ring of strength
HPRegen 0.26/turn    (no ring)
MPRegen 0.10/turn

%: no passive effects
@: heroic
A: sickness immunity, AC +4, negative energy resistance 1, electricity
resistance, torment resistance 1, petrification resistance
a: Renounce Religion, Heroism


You were on level 5 of the Dungeon.
You worshipped Okawaru.
Okawaru was aware of your devotion.
You visited 1 branch of the dungeon, and saw 5 of its levels.

You collected 245 gold pieces.


Innate Abilities, Weirdness & Mutations

You are immune to sickness and miasma.
Your stone body is resilient. (AC +4)
You are immune to poison.
You resist negative energy. (rN+)
You are resistant to electric shocks. (rElec)
You are resistant to unholy torment.
You are immune to petrification.


   Skills:
 - Level 4.0(9.0) Fighting
 + Level 5.9(10.9) Axes
 - Level 3.2(8.2) Armour
 - Level 3.2(8.2) Shields
 + Level 0.7 Invocations


You had 5 spell levels left.
You didn't know any spells.
Your spell library was empty.

Inventory:

Hand Weapons
 p - a +0 flail
 Y - a +0 heavy war axe (weapon)
Missiles
 n - a boomerang (quivered)
Armour
 c - a +0 buckler (worn)
 e - a +0 helmet (worn)
 f - a +0 chain mail (worn)
 h - a +0 cloak (worn)
 m - a +0 pair of boots (worn)
 o - a +0 ring mail of fire resistance
Jewellery
 i - a +6 ring of strength (left hand)
Scrolls
 a - a scroll of identify
Potions
 b - a potion of berserk rage {unknown}
 d - 4 potions of might
 j - a potion of enlightenment
 k - a potion of lignification {unknown}
 l - 3 potions of curing

Dungeon Overview and Level Annotations

Branches:
Dungeon (5/15)
 Temple: D:4-7

Altars:
Gozag
Nemelex Xobeh
Okawaru
Trog
Vehumet
Wu Jian

Annotations:
D:2 1 runed translucent door, Crazy Yiuf


Message History

You throw a boomerang.
The boomerang closely misses the howler monkey.
You throw a boomerang. The boomerang hits the howler monkey!
The howler monkey is heavily wounded.
You barely miss the howler monkey.
The howler monkey is heavily wounded.
You slash the fungus!
The fungus begins to die.
Something unseen opens the door.
The howler monkey hits you but does no damage.
An ogre comes into view. It is wielding a +0 giant spiked club.
The howler monkey hoots and howls with incredible vigour!
The ogre shouts!
You hear an angry hiss.
3322 ||| INVOKING Heroism.
You gain the combat prowess of a mighty hero.
The howler monkey barely misses you.
You barely miss the howler monkey.
The howler monkey is heavily wounded.
You slash the fungus!
A nearby fungus withers and dies.
The howler monkey hoots and howls with incredible vigour! x2
You completely miss the howler monkey.
The howler monkey is heavily wounded.
The howler monkey closely misses you. You block the howler monkey's attack.
You barely miss the howler monkey.
The howler monkey is heavily wounded.
The howler monkey hits you but does no damage.
You closely miss the howler monkey.
The howler monkey is heavily wounded.
You slice the ogre!!
The howler monkey hits you but does no damage.
The howler monkey misses you.
The ogre hits you with a +0 giant spiked club!!
Ouch! That really hurt!
You barely miss the ogre.
The ogre is severely wounded.
You closely miss the howler monkey.
The howler monkey hits you but does no damage.
The ogre hits you with a +0 giant spiked club!!
Ouch! That really hurt!
You die...

#................#
#................'
########........#
#......#........#
#......'........#####
#......#....)........
#......#...))........
########....O........
#####@..#.....
......h...# ....
........_.......
...............o
..##....P.#..... .
#......#.... .......#
... +.......# ..


You could see an ogre and a howler monkey.

Vanquished Creatures
  An ice beast (D:5)
  2 hounds
  An orc wizard (D:3)
  A statue (D:3)
  6 adders
  A worm (D:2)
  A dart slug (D:2)
  16 orcs
  10 endoplasms
  3 giant cockroaches
  5 goblins
  8 hobgoblins
  5 jackals
  10 kobolds
  3 quokkas
  3 ball pythons
  A bat (D:3)
  5 frilled lizards
  6 rats
88 creatures vanquished.

Notes
Turn   | Place    | Note
-------+----------+-------------------------------------------
     0 | D:1      | qw the Gargoyle Fighter began the quest for the Orb.
     0 | D:1      | Reached XP level 1. HP: 14/14 MP: 1/1
     0 | D:1      | 0 ||| qw: Version: 0.3-a-40-ge99b1a8
     0 | D:1      | 0 ||| qw: Game counter: 427
     0 | D:1      | 0 ||| qw: Melee chars always use a shield: true
     0 | D:1      | 0 ||| qw: God list: Okawaru
     0 | D:1      | 0 ||| qw: Allow faded altars: false
     0 | D:1      | 0 ||| qw: Do Orc after clearing Dungeon:15 true
     0 | D:1      | 0 ||| qw: Do second Lair branch before Depths: true
     0 | D:1      | 0 ||| qw: Lair rune preference: random
     0 | D:1      | 0 ||| qw: Goals: Normal, Zot:1-4, Slime:5, God:TSO, Crypt,
                  | Tomb, Abyss, Pan, Hells, Win
     0 | D:1      | 0 ||| PLANNING D:1-11
    23 | D:1      | Reached skill level 2 in Axes
   196 | D:1      | Reached XP level 2. HP: 19/19 MP: 2/2
   856 | D:1      | 856 ||| UPGRADING to +6 ring of strength.
   857 | D:1      | 857 ||| READING 3 scrolls labelled ZYEMIUNIORR.
   858 | D:1      | 858 ||| READING scroll labelled UZOILI OR PIYX.
   859 | D:1      | 859 ||| READING scroll labelled VEYQUMMAMI.
   860 | D:1      | 860 ||| READING scroll labelled AXUDIMIRPHIA.
   861 | D:1      | 861 ||| READING 2 scrolls of identify.
   861 | D:1      | 861 ||| IDENTIFYING dark potion
   862 | D:1      | 862 ||| DROPPING potion of ambrosia.
   964 | D:2      | Reached skill level 3 in Axes
   983 | D:2      | Reached XP level 3. HP: 23/23 MP: 3/3
  1002 | D:2      | 1002 ||| Stepping ~*~*~tactically~*~*~ (stealth).
  1167 | D:2      | Found an iron altar of Okawaru.
  1168 | D:2      | 1168 ||| PLANNING OKAWARU WORSHIP
  1168 | D:2      | 1168 ||| DROPPING ring of wizardry.
  1169 | D:2      | 1169 ||| READING scroll labelled XEUSKA LAES.
  1177 | D:2      | 1177 ||| DRINKING 3 blue potions.
  1192 | D:2      | 1192 ||| READING 2 scrolls of identify.
  1192 | D:2      | 1192 ||| IDENTIFYING metallic red potion
  1195 | D:2      | Became a worshipper of Warmaster Okawaru
  1196 | D:2      | 1196 ||| PLANNING D:1-11
  1220 | D:2      | Reached XP level 4. HP: 24/28 MP: 4/4
  1337 | D:2      | Found a runed translucent door.
  1338 | D:2      | Noticed Crazy Yiuf
  1418 | D:2      | Reached skill level 4 in Axes
  1698 | D:2      | 1698 ||| Stepping ~*~*~tactically~*~*~ (stealth).
  1844 | D:2      | 1844 ||| UPGRADING to +0 helmet.
  1849 | D:2      | 1849 ||| READING scroll labelled MOHE WUPPINYJ.
  1850 | D:2      | 1850 ||| READING scroll labelled SITUAK LOKKE.
  1851 | D:2      | 1851 ||| READING 3 scrolls labelled ELIOTU ZIHARRU.
  1852 | D:2      | 1852 ||| DROPPING 2 scrolls of vulnerability.
  1927 | D:3      | Found an ornate altar of the Wu Jian Council.
  2012 | D:3      | 2012 ||| DROPPING +0 whip.
  2027 | D:3      | Reached XP level 5. HP: 19/32 MP: 5/5
  2141 | D:3      | Found a sparkling altar of Nemelex Xobeh.
  2145 | D:3      | Found an opulent altar of Gozag.
  2412 | D:3      | Found a radiant altar of Vehumet.
  2412 | D:3      | Noticed a charred statue
  2419 | D:3      | Killed a charred statue
  2436 | D:3      | 2436 ||| UPGRADING to +0 chain mail.
  2446 | D:3      | 2446 ||| DROPPING +0 scale mail.
  2447 | D:3      | 2447 ||| UPGRADING to +0 pair of boots.
  2452 | D:3      | 2452 ||| READING 3 scrolls labelled LEICOAHEHE.
  2453 | D:3      | 2453 ||| READING scroll labelled JIDOCATEAL.
  2454 | D:3      | 2454 ||| DROPPING 2 scrolls of poison.
  2545 | D:4      | Reached skill level 5 in Axes
  2673 | D:4      | 2673 ||| Stepping ~*~*~tactically~*~*~ (hiding).
  2674 | D:4      | 2674 ||| Stepping ~*~*~tactically~*~*~ (hiding).
  2675 | D:4      | 2675 ||| Stepping ~*~*~tactically~*~*~ (hiding).
  2676 | D:4      | 2676 ||| Stepping ~*~*~tactically~*~*~ (hiding).
  2677 | D:4      | 2677 ||| Stepping ~*~*~tactically~*~*~ (hiding).
  2858 | D:4      | 2858 ||| Stepping ~*~*~tactically~*~*~ (stealth).
  3002 | D:4      | Found an iron altar of Okawaru.
  3139 | D:4      | 3139 ||| Stepping ~*~*~tactically~*~*~ (stealth).
  3157 | D:4      | 3157 ||| Stepping ~*~*~tactically~*~*~ (stealth).
  3159 | D:4      | 3159 ||| Stepping ~*~*~tactically~*~*~ (stealth).
  3165 | D:4      | 3165 ||| Stepping ~*~*~tactically~*~*~ (stealth).
  3171 | D:4      | Reached XP level 6. HP: 38/38 MP: 6/6
  3239 | D:4      | 3239 ||| DROPPING +0 mace.
  3240 | D:4      | 3240 ||| UPGRADING to +0 cloak.
  3254 | D:5      | Entered Level 5 of the Dungeon
  3273 | D:5      | Found a bloodstained altar of Trog.
  3283 | D:5      | 3283 ||| Stepping ~*~*~tactically~*~*~ (stealth).
  3284 | D:5      | Noticed an ice beast
  3285 | D:5      | 3285 ||| Stepping ~*~*~tactically~*~*~ (stealth).
  3286 | D:5      | 3286 ||| Stepping ~*~*~tactically~*~*~ (stealth).
  3287 | D:5      | 3287 ||| Stepping ~*~*~tactically~*~*~ (stealth).
  3288 | D:5      | 3288 ||| Stepping ~*~*~tactically~*~*~ (stealth).
  3298 | D:5      | Killed an ice beast
  3298 | D:5      | Reached * piety under Okawaru
  3322 | D:5      | 3322 ||| INVOKING Heroism.
  3327 | D:5      | Mangled by an ogre

Levels and vault maps discovered:
D:1:      matt_arrival_diagonals, layout_basic, minivault_27
D:2:      layout_loops_corners, basic_altar, minmay_tromino_i2,
          uniq_crazy_yiuf_cottage
D:3:      layout_rooms, vehumet_statue, pdpol_wu_jian_five_deadly_venoms,
          grunt_temple_overflow_opulence, minmay_unequal
D:4:      layout_basic, mainiacjoe_overflow_small_starburst
D:5:      layout_gridville, mainiacjoe_overflow_tiny_flanked,
          mainiacjoe_overflow_boulevard, mainiacjoe_overflow_24_doors,
          serial_shops, nicolae_shop_advertising_works
          [nicolae_subvault_shop_adworks], uniq_menkaure

Skill      XL: |  1  2  3  4  5 |
---------------+----------------+-----
Axes           | 2 3 4 5 |  5.9
Fighting       | 4 |  4.0
Armour         | |  3.2
Shields        | |  3.2
Invocations    | |  0.7

Action                     |  1- 3 |  4- 6 || total
---------------------------+-------+-------++-------
  Melee: War axe           |    75 |   125 ||   200
  Throw: Boomerang         |       |    25 ||    25
 Invoke: Heroism           |       |     1 ||     1
    Use: Scroll            |     7 |     5 ||    12
         Potion            |     1 |       ||     1
 Armour: Scale mail        |    43 |    62 ||   105
         Chain mail        |       |    57 ||    57
  Dodge: Dodged            |    33 |    54 ||    87
  Block: Buckler           |    14 |    33 ||    47

Table legend:
 A = Non-vault XP
 B = Vault XP
 C = Vault XP percentage of total XP
 D = Non-vault monster count
 E = Vault monster count
 F = Vault count percentage of total count
                 A         B        C        D         E       F
            +---------+---------+-------+---------+---------+-------
      Total |     471 |      50 |   9.6 |      84 |       4 |   4.5
            +---------+---------+-------+---------+---------+-------
        D:1 |      22 |       0 |   0.0 |      16 |       0 |   0.0
        D:2 |      77 |      13 |  14.4 |      21 |       1 |   4.5
        D:3 |      73 |      37 |  33.6 |      19 |       3 |  13.6
        D:4 |      97 |       0 |   0.0 |      20 |       0 |   0.0
        D:5 |     202 |       0 |   0.0 |       8 |       0 |   0.0
            +---------+---------+-------+---------+---------+-------
